 Dungeon Crawl Stone Soup version 0.30.1-3-gfc49f6343a (webtiles) character file.

Game seed: 16227518009947222291

1806448 LordWeiramon the Middleweight Champion (level 27, 179/179 HPs)
             Began as a Gargoyle Monk on July 18, 2023.
             Was the Champion of Cheibriados.
             Escaped with the Orb
             ... and 3 runes on July 19, 2023!
             The game lasted 03:25:06 (60488 turns).

LordWeiramon the Middleweight Champion (GrMo)      Turns: 60488, Time: 03:25:06

Health: 179/179    AC: 71    Str: 53    XL:     27
Magic:  30/30      EV: 26    Int: 22    God:    Cheibriados [******]
Gold:   10995      SH: 34    Dex: 33    Spells: 26/26 levels left

rFire   + +          .
                       - Unarmed
rCold   + + .        H - +2 tower shield
rNeg    + . .        o - +14 gold dragon scales of Snakes and Ladders {Fly rPois rF+ rC+ Stlth+}
rPois   ∞            N - +1 helmet {SInv}
rElec   +            X - scarf {rC+ rF+}
rCorr   +            k - +2 pair of gloves of Weirdness {Str+2}
SInv    +            B - +2 pair of boots
Will    ++++.        s - amulet of the Establishment {Reflect Str+3 Int-5 Dex+4 SH+5} Stlth
                     Q - ring of Exhibitionism {rPois rCorr Str+2 Dex+3}
HPRegen 0.49/turn    z - ring of willpower
MPRegen 0.22/turn

%: reflection
@: flying, studying 3 skills, very slow
A: sickness immunity, AC +20, big wings, negative energy resistance 1,
electricity resistance, torment resistance 1, petrification resistance, frail 1,
strong-willed 1, strong 1
0: Orb of Zot
}: 3/15 runes: decaying, silver, gossamer
a: Renounce Religion, Bend Time, Temporal Distortion, Slouch, Step From Time


You escaped.
You worshipped Cheibriados.
Cheibriados was exalted by your worship.
You visited 11 branches of the dungeon, and saw 51 of its levels.
You also visited: Ossuary, Gauntlet, Ice Cave and Wizlab.

You collected 11981 gold pieces.
You spent 986 gold pieces at shops.

Inventory:

Missiles
 v - 3 throwing nets (quivered)
Armour
 k - the +2 pair of gloves of Weirdness (worn) {Str+2}
   (You found it on level 3 of the Elven Halls)

   Str:       It affects your strength (+2).
 o - the +14 gold dragon scales of Snakes and Ladders (worn) {Fly rPois rF+ rC+ Stlth+}
   (You took it off a deep elf blademaster on level 3 of the Elven Halls)

   rF:        It protects you from fire.
   rC:        It protects you from cold.
   rPois:     It protects you from poison.
   Fly:       It grants you flight.
   Stlth:     It makes you more stealthy.
 B - a +2 pair of boots (worn)
 H - a +2 tower shield (worn)
 N - a +1 helmet of see invisible (worn)
 X - a scarf of resistance (worn)
Jewellery
 q - a ring of protection from cold
 s - the amulet of the Establishment (around neck) {Reflect Str+3 Int-5 Dex+4 SH+5}
   (You found it in a Gauntlet)

   [amulet of reflection]

   It reflects blocked missile attacks.
   Str:       It affects your strength (+3).
   Int:       It affects your intelligence (-5).
   Dex:       It affects your dexterity (+4).
   SH:        It affects your SH (+5).
 z - a ring of willpower (right hand)
 A - a ring of protection from fire
 Q - the ring of Exhibitionism (left hand) {rPois rCorr Str+2 Dex+3}
   (You acquired it on level 2 of the Vaults)

   [ring of resist corrosion]

   Str:       It affects your strength (+2).
   Dex:       It affects your dexterity (+3).
   rPois:     It protects you from poison.
   rCorr:     It protects you from acid and corrosion.
Wands
 i - a wand of polymorph (45)
 p - a wand of iceblast (49)
 t - a wand of paralysis (114)
 y - a wand of quicksilver (27)
 E - a wand of mindburst (52)
 F - a wand of flame (91)
 P - a wand of digging (13)
Scrolls
 a - 7 scrolls of magic mapping
 e - 22 scrolls of teleportation
 f - 7 scrolls of poison
 j - 5 scrolls of silence
 l - 18 scrolls of fear
 n - 9 scrolls of enchant weapon
 u - 7 scrolls of fog
 w - 11 scrolls of amnesia
 G - 3 scrolls of enchant armour
 K - 6 scrolls of butterflies
 L - 2 scrolls of blinking
 O - 4 scrolls of brand weapon
 Y - 31 scrolls of identify
Potions
 b - 13 potions of curing
 d - 3 potions of resistance
 g - 7 potions of mutation
 h - 8 potions of flight
 m - 14 potions of brilliance
 D - 5 potions of invisibility
 J - 4 potions of berserk rage
 S - 10 potions of ambrosia
 T - a potion of might
 U - 7 potions of heal wounds
 V - 12 potions of magic
Miscellaneous
 c - a phantom mirror
 r - a phial of floods
 x - a box of beasts
 I - a lightning rod (4/4)


   Skills:
 O Level 27 Fighting
 + Level 24.6 Armour
 - Level 16.0 Dodging
 - Level 20.1 Shields
 O Level 27 Unarmed Combat
 - Level 10.1 Invocations
 - Level 1.0 Evocations


You had 26 spell levels left.
You didn't know any spells.
Your spell library contained the following spells:

 Spells                   Type           Power      Damage    Failure   Level
 Apportation              Tloc           0%         N/A       54%         1
 Beastly Appendage        Tmut           0%         N/A       54%         1
 Freeze                   Ice            0%         1d3       54%         1
 Kiss of Death            Conj/Necr      0%         2d5       54%         1
 Necrotise                Necr           0%         1d4       54%         1
 Shock                    Conj/Air       0%         1d3       54%         1
 Slow                     Hex            0%         N/A       54%         1
 Sting                    Tmut/Pois      0%         1d3       54%         1
 Summon Small Mammal      Summ           0%         N/A       54%         1
 Blink                    Tloc           0%         N/A       67%         2
 Ensorcelled Hibernation  Hex/Ice        0%         N/A       67%         2
 Lesser Beckoning         Tloc           0%         N/A       67%         2
 Momentum Strike          Conj/Tloc      0%         3d8       67%         2
 Passwall                 Tmut/Erth      0%         N/A       67%         2
 Poisonous Vapours        Pois/Air       0%         N/A       67%         2
 Scorch                   Fire           0%         2d5       67%         2
 Wereblood                Tmut           0%         N/A       67%         2
 Call Canine Familiar     Summ           0%         N/A       88%         3
 Confusing Touch          Hex            0%         N/A       88%         3
 Dazzling Flash           Conj/Hex       0%         N/A       88%         3
 Frozen Ramparts          Ice            0%         1d1       88%         3
 Gell's Gravitas          Tloc           0%         N/A       88%         3
 Hailstorm                Conj/Ice       0%         3d3       88%         3
 Ignite Poison            Fire/Tmut/Pois 0%         N/A       88%         3
 Inner Flame              Hex/Fire       0%         N/A       88%         3
 Mephitic Cloud           Conj/Pois/Air  0%         N/A       88%         3
 Ozocubu's Armour         Ice            0%         N/A       88%         3
 Portal Projectile        Hex/Tloc       0%         N/A       88%         3
 Spider Form              Tmut/Pois      0%         N/A       88%         3
 Summon Guardian Golem    Hex/Summ       0%         N/A       88%         3
 Swiftness                Air            0%         N/A       88%         3
 Teleport Other           Tloc           0%         N/A       88%         3
 Tukima's Dance           Hex            0%         N/A       88%         3
 Vampiric Draining        Necr           0%         2d6       88%         3
 Volatile Blastmotes      Fire/Tloc      0%         2d10      88%         3
 Airstrike                Air            0%         2d(0-16)  99%         4
 Animate Armour           Summ/Erth      0%         N/A       99%         4
 Animate Dead             Necr           0%         N/A       99%         4
 Dispel Undead            Necr           0%         3d6       99%         4
 Flame Wave               Conj/Fire      0%         2d4       99%         4
 Fulminant Prism          Conj/Hex       0%         3d5       99%         4
 Ice Form                 Ice/Tmut       0%         N/A       99%         4
 Iskenderun's Mystic Bla  Conj/Tloc      0%         2d3       99%         4
 Leda's Liquefaction      Hex/Erth       0%         N/A       99%         4
 Manifold Assault         Tloc           0%         N/A       99%         4
 Passage of Golubria      Tloc           0%         N/A       99%         4
 Sticky Flame             Conj/Fire      0%         2d3       99%         4
 Summon Ice Beast         Ice/Summ       0%         N/A       99%         4
 Summon Lightning Spire   Summ/Air       0%         N/A       99%         4
 Agony                    Necr           0%         N/A       100%        5
 Alistair's Intoxication  Tmut/Pois      0%         N/A       100%        5
 Blade Hands              Tmut           0%         N/A       100%        5
 Borgnjor's Vile Clutch   Necr/Erth      0%         N/A       100%        5
 Freezing Cloud           Conj/Ice/Air   0%         6-21      100%        5
 Iskenderun's Battlesphe  Conj           0%         2d6       100%        5
 Lee's Rapid Deconstruct  Erth           0%         3d4*      100%        5
 Metabolic Englaciation   Hex/Ice        0%         N/A       100%        5
 Silence                  Hex/Air        0%         N/A       100%        5
 Summon Forest            Summ/Tloc      0%         N/A       100%        5
 Yara's Violent Unravell  Hex/Tmut       0%         3d3       100%        5
 Death Channel            Necr           0%         N/A       100%        6
 Dispersal                Tloc           0%         N/A       100%        6
 Eringya's Noxious Bog    Tmut/Pois      0%         N/A       100%        6
 Iron Shot                Conj/Erth      0%         9d1       100%        6
 Simulacrum               Ice/Necr       0%         N/A       100%        6
 Starburst                Conj/Fire      0%         6d3       100%        6
 Summon Cactus Giant      Summ           0%         N/A       100%        6
 Enfeeble                 Hex            0%         N/A       100%        7
 Haunt                    Necr/Summ      0%         N/A       100%        7
 Malign Gateway           Summ/Tloc      0%         N/A       100%        7
 Monstrous Menagerie      Summ           0%         N/A       100%        7
 Spellforged Servitor     Conj/Summ      0%         N/A       100%        7
 Storm Form               Tmut/Air       0%         N/A       100%        7
 Summon Hydra             Summ           0%         N/A       100%        7
 Borgnjor's Revivificati  Necr           0%         N/A       100%        8
 Discord                  Hex            0%         N/A       100%        8
 Disjunction              Tloc           0%         N/A       100%        8
 Infestation              Necr           0%         N/A       100%        8
 Maxwell's Capacitive Co  Air            0%         ∞         100%        8
 Dragon's Call            Summ           0%         N/A       100%        9
 Cigotuvi's Dreadful Rot  Necr/Pois/Air  Unusable   N/A       N/A         2

Dungeon Overview and Level Annotations

Branches:
Dungeon (15/15)            Temple (1/1) D:4            Lair (5/5) D:10
  Swamp (4/4) Lair:2       Spider (4/4) Lair:2        Slime (0/5) Lair:4
    Orc (2/2) D:9             Elf (3/3) Orc:2        Vaults (5/5) D:14
  Crypt (3/3) Vaults:3       Tomb (0/3) Crypt:3      Depths (4/4) D:15
    Zot (5/5) Depths:4    Ossuary (visited)           IceCv (visited)
 WizLab (visited)         Gauntlet (visited)

Altars:
Ashenzari
Cheibriados
Dithmenos
Elyvilon
Fedhas
Gozag
Hepliaklqana
Kikubaaqudgha
Makhleb
Nemelex Xobeh
Okawaru
Qazlal
Ru
Sif Muna
Trog
Uskayaw
Vehumet
Wu Jian
Xom
Yredelemnul
Zin
The Shining One
Jiyva

Shops:
D:10 *   D:12 [   Orc:2 !([*:   Elf:1 [   Elf:2 *   Elf:3 !   Vaults:5 ?
Depths:3 (([

Portals:
Hell: Depths:1 Depths:2 Depths:3 Depths:4
Abyss: Depths:3
Pandemonium: Depths:2
Ziggurat: Depths:1

Annotations:
Zot:1 4 transporters


Innate Abilities, Weirdness & Mutations

You are immune to sickness and miasma.
Your stone body is resilient. (AC +20)
You are immune to poison.
Your large and strong wings let you fly.
You resist negative energy. (rN+)
You are resistant to electric shocks. (rElec)
You are resistant to unholy torment.
You are immune to petrification.
You are frail. (-10% HP)
You are strong-willed. (Will+)
Your muscles are strong. (Str +4, Int/Dex -1)


Message History

You block the hell hog's attack. x2
You pummel the hell hog!!
The hell hog is severely wounded.
You block the hell hog's attack.
Unknown command.
You pummel the hell hog like a punching bag!!!
You kill the hell hog!
Cheibriados appreciates the change of pace.
Unknown command.
You pummel the hell hog like a punching bag!!!!
You kill the hell hog!
Cheibriados thoroughly appreciates the change of pace.
You block the large abomination's attack.
You pummel the large abomination!!
The large abomination is heavily damaged.
You pulverise the large abomination!!!
You destroy the large abomination!
Cheibriados thoroughly appreciates the change of pace.
(D) Dungeon (T) Temple (L) Lair (S) Swamp (N) Spider Nest (M) Slime Pits (O) Orcish Mines (E) Elven Halls (V) Vaults (C) Crypt (W) Tomb (U) Depths (H) Hell (Z) Zot
Where to? (Enter - D:1, ? - help) Magic restored.
HP restored.
There is a stone staircase leading up here.
You fly upwards.
There is a stone staircase leading down here.
There is a stone staircase leading up here.
You fly upwards.
There is a stone staircase leading down here.
There is a stone staircase leading up here.
You fly upwards.
There is a stone staircase leading down here.
There is a stone staircase leading up here.
You fly upwards.
There is a stone staircase leading down here.
There is an escape hatch in the floor here.
There is a staircase leading out of the dungeon here.
You have escaped!

...).............##..........#..#
..##>......##....##....##.....#..
...........##..........##........
......##.........................
.)....##...................##...#
..........[................##...#
................................#
....##..........................#
#...##..........@...........##..#
................>...........##..#
#...............................#
#....##.........................#
.....##...............(...##....#
........................).##....#
.........##..........##.........#
#..#.....##....##.)..##.......###
....#..........##............##


There were no monsters in sight!

Vanquished Creatures
  A pandemonium lord (D:15)
  8 dread liches
  An ancient lich (Zot:2)
  3 orbs of fire (Zot:5)
  Mennas (Depths:2)
  Boris (twice) (Vaults:4 Vaults:3)
  Parghit (Depths:4)
  8 Killer Klowns
  Saint Roka (Elf:3)
  Vv (Zot:2)
  Margery (Vaults:2)
  Xtahua (Vaults:3)
  A curse toe (Zot:1)
  Nikola (Elf:3)
  13 golden dragons
  A bone dragon (Depths:4)
  A Hellbinder (WizLab)
  An iron giant (Zot:2)
  3 electric golems
  2 doom hounds (Depths:2)
  Mlioglotl (Swamp:2)
  17 tentacled monstrosities
  Jorgrun (D:14)
  A Hell Sentinel (Zot:2)
  2 deep elf blademasters (Elf:3)
  2 liches (Vaults:4)
  26 Orb Guardians
  5 titans
  2 deep elf master archers (Elf:3)
  Grunn (Depths:2)
  Asterion (Depths:2)
  7 death cobs
  2 quicksilver dragons
  4 sphinxes
  3 ancient champions
  An Executioner (Zot:1)
  13 storm dragons
  2 thorn hunters
  Gastronok (Orc:1)
  Donald (Vaults:2)
  Roxanne (Spider:1)
  16 draconian monks
  6 tengu reavers (Vaults:5)
  10 shadow dragons
  4 draconian knights
  4 revenants
  13 fire giants
  9 frost giants
  3 daevas (Depths:2)
  4 emperor scorpions (Spider:4)
  7 ghost moths
  3 deep elf sorcerers
  5 balrugs
  3 iron dragons
  Louise (Spider:1)
  A curse skull (Crypt:3)
  4 draconian scorchers
  18 vault wardens
  A spectral caustic shrike (Crypt:3)
  8 ghouls
  8 draconian shifters
  3 angels (Depths:2)
  Aizul (Spider:2)
  6 draconian annihilators
  4 orc warlords
  15 ironbound preservers
  4 deep elf elementalists (Elf:3)
  2 reapers
  7 draconian stormcallers
  A broodmother (Spider:2)
  A spectral juggernaut (Crypt:3)
  2 demonspawn corrupters (D:12)
  8 green draconians
  19 very ugly things
  3 war gargoyles
  8 deep elf annihilators
  16 stone giants
  A juggernaut skeleton (Crypt:2)
  8 ironbound thunderhulks
  4 deep elf demonologists
  6 dire elephants
  A lorocyproca (Depths:1)
  16 black draconians
  10 white draconians
  5 eleionomae
  A demonspawn black sun (WizLab)
  7 vampire knights
  11 yellow draconians
  3 bunyips (Swamp:3)
  A minotaur (Gauntlet)
  11 red draconians
  10 eidola
  16 spark wasps
  10 purple draconians
  2 crystal guardians
  12 deep elf death magi
  16 fire dragons
  3 blizzard demons
  3 spectral quicksilver dragons (Crypt:3)
  13 ettins
  10 deep elf high priests
  A quicksilver dragon zombie (Crypt:3)
  Josephine (Lair:3)
  An entropy weaver (shapeshifter) (Vaults:5)
  5 entropy weavers
  A spectral fenstrider witch (Crypt:3)
  7 jiangshi
  18 yaktaur captains
  11 great orbs of eyes
  Erolcha (Orc:1)
  A spectral spriggan (Crypt:3)
  The ghost of Drain the Destroyer, a journeyman OpCj of Gozag (Lair:2)
  A fenstrider witch zombie (Crypt:1)
  5 rakshasas
  2 spriggan zombies
  2 ghost crabs
  2 shambling mangroves (Swamp:3)
  6 jorogumos
  A hydra (shapeshifter) (Vaults:5)
  7 ogre magi
  An ice dragon (shapeshifter) (Vaults:4)
  A quicksilver dragon skeleton (Depths:2)
  2 hell beasts (WizLab)
  4 peacekeepers
  3 spriggan air magi
  A caustic shrike simulacrum (IceCv)
  32 vault guards
  21 hydras
  10 ice dragons
  7 ironbound frosthearts
  A catoblepas (D:13)
  13 boulder beetles
  A death knight (Crypt:2)
  An anaconda (shapeshifter) (Vaults:5)
  2 radroaches (Spider:2)
  25 dancing weapons
  12 centaur warriors
  A fenstrider witch skeleton (Crypt:1)
  7 alligators
  3 two-headed ogres
  5 tengu warriors
  A death yak (Lair:5)
  3 deep troll earth magi
  A deep troll shaman (Depths:1)
  5 orc high priests
  12 hell hogs
  7 spriggan berserkers
  2 spectral dire elephants (Crypt:3)
  Nergalle (Lair:3)
  Urug (Orc:1)
  17 hell knights
  7 vampire magi
  3 spectral nagas (Crypt:3)
  6 shadow wraiths
  2 spectral storm dragons (Crypt:3)
  4 sun demons
  5 soul eaters
  5 salamander mystics (Depths:4)
  19 skeletal warriors
  A skyshark (Lair:2)
  7 pharaoh ants
  A spectral death yak (Lair:5)
  14 deep elf knights
  6 cherubim (Depths:2)
  7 goliath frogs
  4 sun moths
  A golden dragon zombie (Depths:2)
  3 sixfirhies (WizLab)
  A bunyip zombie (Crypt:1)
  3 spriggan druids
  57 deep trolls
  A death drake (shapeshifter) (Vaults:5)
  An orange crystal statue (Zot:5)
  4 spriggan simulacra
  12 swamp dragons
  2 spectral anacondas
  11 flayed ghosts
  3 glowing orange brains
  2 shadow demons
  5 bog bodies
  6 steelbarb worms
  The ghost of Inchmeat the Grappler, a novice TrGl (D:5)
  A tengu zombie (Vaults:4)
  21 lindwurms
  3 orb spiders
  Pikel (D:8)
  15 phantasmal warriors
  15 deep elf archers
  11 harpies
  3 obsidian statues
  9 wizards
  A steelbarb worm (shapeshifter) (Vaults:5)
  16 wolf spiders
  7 orc sorcerers
  16 deep elf pyromancers
  20 ironbound convokers
  A manticore (D:15)
  15 orc knights
  20 necromancers
  19 deep elf zephyrmancers
  An iron dragon zombie (Crypt:1)
  47 ugly things
  A stone giant zombie (Vaults:1)
  A cyclops (shapeshifter) (Vaults:5)
  3 oklob plants (Lair:5)
  23 moths of wrath
  3 will-o-the-wisps
  5 cyclopes
  15 salamanders (Depths:4)
  A sphinx skeleton (Depths:2)
  13 elephants
  A spectral centaur (Crypt:3)
  3 rust devils (WizLab)
  A naga zombie (Crypt:1)
  5 black mambas
  A stone giant skeleton (Vaults:4)
  4 smoke demons
  2 spectral alligator snapping turtles (Crypt:3)
  20 vault sentinels
  2 gargoyles
  2 eyes of devastation (Depths:1)
  2 guardian serpents (Depths:3)
  A storm dragon simulacrum (Crypt:1)
  3 human skeletons
  A hellion (WizLab)
  13 demonic crawlers
  3 orange demons (WizLab)
  An emperor scorpion simulacrum (Crypt:1)
  3 torpor snails
  A centaur skeleton (Crypt:1)
  A yellow draconian zombie (Crypt:2)
  2 rime drakes
  A minotaur zombie (Crypt:1)
  3 efreet
  7 cane toads
  2 unseen horrors (D:11)
  27 yaktaurs
  A tormentor (Depths:2)
  A bunyip simulacrum (Crypt:3)
  3 tengu conjurers
  9 komodo dragons
  An orb spider zombie (Crypt:3)
  2 anaconda simulacra (IceCv)
  A golden dragon simulacrum (IceCv)
  20 freezing wraiths
  A grey draconian skeleton (Crypt:1)
  2 spectral harpies (Crypt:3)
  An unseen horror skeleton (Crypt:1)
  A death yak skeleton (Crypt:3)
  6 ice devils (IceCv)
  A red devil (WizLab)
  2 guardian mummies (Crypt:1)
  14 tarantellas
  5 hellwings
  A queen bee (shapeshifter) (D:13)
  6 meliai
  6 hornets
  4 trolls
  A fire giant simulacrum (Vaults:1)
  6 tyrant leeches
  A stone giant simulacrum (Depths:2)
  An alligator zombie (Crypt:3)
  12 blink frogs
  24 slime creatures
  22 jumping spiders
  An air elemental (Elf:1)
  7 flying skulls
  12 culicivoras
  2 ettin skeletons
  A centaur simulacrum (D:14)
  2 dire elephant simulacra
  9 spriggans
  3 shadows
  8 wraiths
  30 yaks
  2 ynoxinuls
  3 vampires
  15 water elementals
  Eustachio (D:6)
  3 wyverns
  A hog (shapeshifter) (Vaults:5)
  A basilisk (D:13)
  A fire elemental (Elf:2)
  40 redbacks
  A neqoxec (D:5)
  10 vampire mosquitoes
  14 minotaur simulacra (IceCv)
  2 chaos spawn (WizLab)
  A spectral cane toad (Lair:5)
  13 swamp worms
  7 wargs
  A demonspawn zombie (Crypt:1)
  2 large abominations
  An ogre zombie (Vaults:1)
  A harpy simulacrum (IceCv)
  5 acid dragons
  A hydra simulacrum (IceCv)
  A floating eye (shapeshifter) (D:15)
  17 water moccasins
  10 swamp drakes
  47 orc warriors
  An ettin simulacrum (IceCv)
  4 sky beasts
  6 wolves
  An alligator simulacrum (IceCv)
  7 centaurs
  7 ogres
  A snapping turtle skeleton (Crypt:1)
  A rime drake zombie (Crypt:2)
  An elephant skeleton (Lair:5)
  A phantom (D:7)
  2 kobold brigands
  A gnoll sergeant (D:9)
  10 bullfrogs
  2 necrophages (Crypt:3)
  2 scorpions (D:4)
  A cane toad simulacrum (Lair:5)
  10 deep troll simulacra (IceCv)
  4 earth elementals
  A cyclops skeleton (Crypt:1)
  A naga simulacrum (Crypt:3)
  A wight (D:7)
  A polar bear zombie (Crypt:3)
  11 killer bees
  A killer bee (shapeshifter) (Vaults:2)
  2 lindwurm simulacra (IceCv)
  2 electric eels (Spider:3)
  A wolf zombie (Crypt:2)
  3 howler monkeys
  A wolf skeleton (Crypt:2)
  4 hounds
  2 human zombies (Crypt:1)
  5 jellies
  28 orc priests
  2 gnoll boudas (D:7)
  2 iguanas (D:5)
  A sleepcap (D:6)
  Natasha (thrice) (D:2)
  28 orc wizards
  7 hell rats (Lair:4)
  A boggart skeleton (Crypt:1)
  A killer bee zombie (Crypt:2)
  A deep dwarf skeleton (Crypt:3)
  5 mummies
  7 adders
  18 gnolls
  A steam dragon zombie (Crypt:2)
  A river rat (shapeshifter) (Vaults:5)
  A river rat (D:7)
  A shadow imp (D:5)
  4 white imps
  2 ufetubi
  4 worms
  5 dart slugs
  78 orcs
  A spectral bat (Ossuary)
  9 endoplasms
  4 giant cockroaches
  12 gnoll zombies (Ossuary)
  6 goblins
  9 hobgoblins
  3 jackals (D:1)
  7 quokkas
  5 ball pythons
  4 bats
  7 bat simulacra (Ossuary)
  8 frilled lizards
  4 goblin zombies (Ossuary)
  5 hobgoblin zombies (Ossuary)
  A jackal skeleton (Crypt:3)
  15 kobolds
  5 kobold zombies (Ossuary)
  4 orc zombies (Ossuary)
  4 rats
  4 rat simulacra (Ossuary)
  2 spectral kobolds (Ossuary)
  2 spectral rats (Ossuary)
  2 foxfires (Swamp:4)
2307 creatures vanquished.

Vanquished Creatures (others)
  A lich (Vaults:2)
  2 fire giants (Vaults:5)
  A frost giant (Vaults:5)
  A deep elf demonologist (Elf:3)
  A purple draconian (Zot:3)
  A rakshasa (Depths:3)
  An alligator (Swamp:1)
  A spriggan druid (Swamp:1)
  A wizard (Vaults:2)
  2 deep elf pyromancers (Elf:2)
  A fire elemental (Elf:2)
  A water elemental (Elf:1)
  A swamp worm (Swamp:4)
  A swamp drake (Swamp:4)
  An orc (D:9)
  13 foxfires
30 creatures vanquished.

Grand Total: 2337 creatures vanquished

Notes
Turn   | Place    | Note
-------+----------+-------------------------------------------
     0 | D:1      | LordWeiramon the Gargoyle Monk began the quest for the Orb.
     0 | D:1      | Reached XP level 1. HP: 14/14 MP: 1/1
   246 | D:1      | Reached XP level 2. HP: 17/19 MP: 2/2
   558 | D:1      | Reached XP level 3. HP: 23/23 MP: 3/3
   669 | D:1      | Found a faded altar of an unknown god.
   935 | D:2      | Reached XP level 4. HP: 28/28 MP: 4/4
  1008 | D:2      | Noticed Natasha
  1014 | D:2      | Killed Natasha
  1015 | D:2      | Reached skill level 5 in Unarmed Combat
  1219 | D:2      | Noticed Natasha
  1240 | D:2      | Killed Natasha
  1241 | D:2      | Reached XP level 5. HP: 6/32 MP: 5/5
  1242 | D:2      | Noticed Natasha
  1251 | D:2      | Killed Natasha
  1714 | D:3      | Found a sparkling altar of Nemelex Xobeh.
  2209 | D:4      | Noticed Ijyb
  2211 | D:4      | Ijyb changed into Ijyb the jelly
  2211 | D:4      | Noticed Ijyb
  2228 | D:4      | Killed Ijyb the jelly
  2229 | D:4      | Reached XP level 6. HP: 23/37 MP: 6/6
  2419 | D:4      | Found a staircase to the Ecumenical Temple.
  2428 | Temple   | Entered the Ecumenical Temple
  2913 | D:4      | Reached XP level 7. HP: 30/41 MP: 7/7
  2996 | D:4      | Found a hazy altar of Hepliaklqana.
  3473 | D:5      | Entered Level 5 of the Dungeon
  3944 | D:5      | Reached skill level 5 in Fighting
  3965 | D:5      | Found a runed translucent door.
  3969 | D:5      | Noticed Inchmeat's ghost (novice TrGl)
  4026 | D:5      | Reached skill level 1 in Evocations
  4690 | D:6      | Reached XP level 8. HP: 46/49 MP: 8/8
  4952 | D:6      | Found a bloodstained altar of Trog.
  4952 | D:6      | Found a burning altar of Makhleb.
  5096 | D:6      | Noticed Eustachio
  5145 | D:6      | Killed Eustachio
  5773 | D:7      | Reached skill level 10 in Unarmed Combat
  5826 | D:7      | Reached skill level 1 in Armour
  6015 | D:7      | Reached XP level 9. HP: 49/54 MP: 9/9
  6120 | D:7      | Reached skill level 5 in Armour
  6439 | D:8      | Found a sand-covered staircase.
  6444 | Ossuary  | Entered an ossuary
  7043 | D:8      | Found a snail-covered altar of Cheibriados.
  7043 | D:8      | Found an ancient bone altar of Kikubaaqudgha.
  7045 | D:8      | Found a stormy altar of Qazlal.
  7045 | D:8      | Found a basalt altar of Yredelemnul.
  7051 | D:8      | Became a worshipper of Cheibriados the Contemplative
  7051 | D:8      | Reached * piety under Cheibriados
  7051 | D:8      | Reached ** piety under Cheibriados
  7351 | D:8      | Found a hide-covered altar of Uskayaw.
  7437 | D:8      | Noticed Pikel
  7456 | D:8      | Killed Pikel
  7457 | D:8      | Reached skill level 5 in Dodging
  7503 | D:8      | Found a radiant altar of Vehumet.
  7934 | D:8      | Reached skill level 1 in Invocations
  8125 | D:9      | Reached XP level 10. HP: 52/59 MP: 13/13
  8133 | D:9      | Reached skill level 5 in Invocations
  8228 | D:9      | Reached *** piety under Cheibriados
  8807 | D:9      | Found a staircase to the Orcish Mines.
  8969 | D:10     | Entered Level 10 of the Dungeon
  9002 | D:10     | Found a broken altar of Ashenzari.
  9087 | D:10     | Found Yfresmug's Assorted Antiques.
  9092 | D:10     | Bought a sedimented yellow potion for 14 gold pieces
  9092 | D:10     | Bought a scroll labelled FOYVOCV XENUL for 16 gold pieces
  9092 | D:10     | Bought a scroll of fear for 64 gold pieces
  9092 | D:10     | Bought 3 scrolls of teleportation for 144 gold pieces
  9237 | D:10     | Found a staircase to the Lair.
  9320 | D:10     | Reached **** piety under Cheibriados
  9639 | D:10     | Found a glowing golden altar of the Shining One.
  9714 | D:11     | Noticed a gargoyle
  9721 | D:11     | Killed a gargoyle
  9758 | D:11     | Noticed a cyclops
  9767 | D:11     | Killed a cyclops
  9768 | D:11     | Reached XP level 11. HP: 63/63 MP: 14/14
 10566 | D:12     | Noticed a boulder beetle
 10581 | D:12     | Killed a boulder beetle
 10655 | Lair:1   | Entered Level 1 of the Lair of Beasts
 11052 | Lair:1   | Reached ***** piety under Cheibriados
 11456 | Lair:1   | Noticed a six-headed hydra
 11463 | Lair:1   | Killed a six-headed hydra
 11824 | Lair:2   | Found a gate leading to a gauntlet.
 11830 | Lair:2   | Reached XP level 12. HP: 68/68 MP: 15/15
 11831 | Lair:2   | Found a runed translucent door.
 11837 | Lair:2   | Noticed a four-headed hydra
 11849 | Lair:2   | Killed a four-headed hydra
 11860 | Gauntlet | Entered a Gauntlet
 11860 | Gauntlet | Found a transporter.
 11870 | Gauntlet | Found a transporter.
 11886 | Gauntlet | Found a transporter.
 11887 | Gauntlet | Found a transporter.
 11892 | Gauntlet | Noticed a blizzard demon
 11896 | Gauntlet | Found a transporter.
 11912 | Gauntlet | Found a transporter.
 11913 | Gauntlet | Noticed a reaper
 11922 | Gauntlet | Found a transporter.
 11922 | Gauntlet | Noticed a blizzard demon
 11931 | Gauntlet | Found a runed translucent gate.
 11932 | Gauntlet | Found a transporter.
 11932 | Gauntlet | Found a runed translucent gate.
 11933 | Gauntlet | Found a runed translucent gate.
 11946 | Gauntlet | Found a transporter.
 11953 | Gauntlet | Found a runed translucent door.
 11955 | Gauntlet | Found a transporter.
 11958 | Gauntlet | Found a runed translucent door.
 11959 | Gauntlet | Found a transporter.
 11970 | Gauntlet | Found a transporter.
 12006 | Gauntlet | Reached skill level 10 in Dodging
 12051 | Gauntlet | Found a transporter.
 12102 | Gauntlet | Killed a blizzard demon
 12109 | Gauntlet | Identified the amulet of the Establishment {Reflect Str+3
                  | Int-5 Dex+4 SH+5}
 12144 | Gauntlet | Noticed a minotaur
 12146 | Gauntlet | Killed a minotaur
 12220 | Lair:2   | Found a staircase to the Swamp.
 12231 | Lair:2   | Noticed a skyshark
 12244 | Lair:2   | Killed a skyshark
 12449 | Lair:2   | Found a hole to the Spider Nest.
 12510 | Lair:2   | You fall into a shaft and drop 2 floors!
 12584 | Lair:4   | Reached skill level 10 in Fighting
 13074 | Lair:4   | Found a runed translucent door.
 13074 | Lair:4   | Found a viscous altar of Jiyva.
 13080 | Lair:4   | Found a staircase to the Slime Pits.
 13249 | Lair:3   | Noticed a boulder beetle
 13280 | Lair:3   | Killed a boulder beetle
 13327 | Lair:3   | Reached XP level 13. HP: 82/82 MP: 16/16
 13377 | Lair:3   | Noticed Josephine
 13386 | Lair:3   | Killed Josephine
 13387 | Lair:3   | Reached skill level 15 in Unarmed Combat
 13894 | Lair:3   | Noticed Nergalle
 13901 | Lair:3   | Killed Nergalle
 14753 | Lair:2   | Noticed Drain's ghost (journeyman OpCj)
 14768 | Lair:2   | Killed Drain's ghost
 15009 | Lair:5   | Entered Level 5 of the Lair of Beasts
 15535 | Lair:5   | Noticed a dire elephant
 15535 | Lair:5   | Noticed a dire elephant
 15665 | Lair:5   | Identified the ring of Nyil {*Corrode +Blink rF++ MP+9
                  | Slay-5}
 15798 | Lair:5   | Killed a dire elephant
 15819 | Lair:5   | Reached ****** piety under Cheibriados
 15893 | Lair:5   | Gained mutation: Your large and strong wings let you fly.
                  | [Gargoyle growth]
 15893 | Lair:5   | Reached XP level 14. HP: 88/88 MP: 17/17
 16105 | Lair:5   | Killed a dire elephant
 16791 | Lair:5   | Identified the +0 plate armour of the Robin {Dex+4}
 17150 | D:5      | Killed Inchmeat's ghost
 17466 | D:12     | Found Ekkal's Armour Shoppe.
 18194 | D:13     | Identified a scroll of acquirement
 18196 | D:13     | Acquired the amulet "Ifamn" {Reflect Str+4 SH+5}
 18618 | D:14     | Noticed Jorgrun
 18632 | D:14     | Killed Jorgrun
 19288 | D:14     | Found a gate to the Vaults.
 19352 | D:15     | Entered Level 15 of the Dungeon
 19559 | D:15     | Found a staircase to the Depths.
 19559 | D:15     | Noticed a fire giant
 19579 | D:15     | Killed a fire giant
 19786 | D:15     | Identified the +11 sling "Transmigrator" {drain, *Slow
                  | rElec rCorr}
 19910 | D:15     | Reached XP level 15. HP: 92/92 MP: 22/22
 20116 | D:15     | Reached skill level 10 in Invocations
 20512 | Orc:1    | Entered Level 1 of the Orcish Mines
 20671 | Orc:1    | Noticed Urug
 20686 | Orc:1    | Killed Urug
 20740 | Orc:1    | Noticed Gastronok
 20765 | Orc:1    | Killed Gastronok
 20939 | Orc:2    | Entered Level 2 of the Orcish Mines
 20939 | Orc:2    | Found a staircase to the Elven Halls.
 21168 | Orc:1    | Noticed Erolcha
 21176 | Orc:1    | Killed Erolcha
 21419 | Orc:2    | Found Bykuorapt's Distillery.
 21761 | Orc:2    | Noticed an orc warlord
 22007 | Orc:2    | Killed an orc warlord
 22208 | Orc:2    | Found Jisa's General Store.
 22209 | Orc:2    | Found Elogumoq's Book Shoppe.
 22211 | Orc:2    | Found Ruath's Antique Armour Shoppe.
 22211 | Orc:2    | Found Ekepn's Antique Weapon Emporium.
 22280 | Orc:2    | Bought a scroll of fear for 72 gold pieces
 22280 | Orc:2    | Bought a potion of curing for 54 gold pieces
 22280 | Orc:2    | Bought a scroll of fear for 72 gold pieces
 22280 | Orc:2    | Bought a potion of curing for 54 gold pieces
 22425 | Spider:1 | Entered Level 1 of the Spider Nest
 22425 | Spider:1 | Noticed a ghost moth
 22435 | Spider:1 | Killed a ghost moth
 22782 | Spider:1 | Noticed Louise
 22795 | Spider:1 | Killed Louise
 22956 | Spider:1 | Noticed a ghost moth
 22963 | Spider:1 | Killed a ghost moth
 22994 | Spider:1 | Noticed Roxanne
 23325 | Spider:2 | Noticed Aizul
 23334 | Spider:2 | Killed Aizul
 23335 | Spider:2 | Reached skill level 5 in Shields
 23565 | Spider:2 | Reached XP level 16. HP: 95/97 MP: 23/23
 23621 | Spider:2 | Gained mutation: Your spells are a little easier to cast,
                  | but a little less powerful. [mutagenic glow]
 23643 | Spider:2 | Gained mutation: You are weak. (Str -2) [mutagenic glow]
 24536 | Spider:2 | You are sucked into a shaft and drop 1 floor!
 24728 | Spider:3 | Reached skill level 10 in Shields
 25444 | Spider:4 | Entered Level 4 of the Spider Nest
 25744 | Spider:4 | Identified the +0 pair of gloves of Servitude {rPois Str+3}
 25984 | Spider:4 | Reached XP level 17. HP: 108/108 MP: 24/24
 26409 | Spider:4 | Got a gossamer rune of Zot
 26733 | Swamp:1  | Entered Level 1 of the Swamp
 27549 | Swamp:2  | Noticed Mlioglotl
 27557 | Swamp:2  | Killed Mlioglotl
 27558 | Swamp:2  | Reached skill level 15 in Fighting
 27595 | Swamp:2  | Identified the +10 war axe "Ciucoff" {spect, Fly rF- Str+2
                  | Dex+3}
 28679 | Swamp:4  | Entered Level 4 of the Swamp
 29262 | Swamp:3  | Reached skill level 10 in Armour
 29762 | Swamp:3  | Reached XP level 18. HP: 108/119 MP: 25/25
 29939 | Swamp:4  | Got a decaying rune of Zot
 30488 | Elf:1    | Entered Level 1 of the Elven Halls
 30651 | Elf:1    | Found Uliuf's Antique Armour Shoppe.
 31076 | Elf:1    | Found a runed translucent gate.
 31076 | Elf:1    | Found a runed translucent gate.
 31076 | Elf:1    | Found a runed translucent gate.
 31076 | Elf:1    | Found a runed translucent gate.
 31076 | Elf:1    | Found a runed translucent gate.
 31078 | Elf:1    | Found a runed translucent gate.
 31084 | Elf:1    | Identified the +0 hat "Foxu" {rPois rC+ Str+4}
 31673 | Elf:1    | Identified the +7 flail "Lacweiro" {pain, Stlth+}
 31913 | Elf:2    | Found Terezoh's General Store.
 32270 | Elf:2    | Bought a scroll of teleportation for 45 gold pieces
 32631 | Elf:2    | Found a huge runed translucent gate.
 32631 | Elf:2    | Found a huge runed translucent gate.
 32633 | Elf:2    | Found a huge runed translucent gate.
 32633 | Elf:2    | Found a huge runed translucent gate.
 32634 | Elf:2    | Found a huge runed translucent gate.
 32859 | Elf:2    | Reached XP level 19. HP: 102/124 MP: 26/26
 33342 | Elf:3    | Entered Level 3 of the Elven Halls
 33362 | Elf:3    | Found a magical portal.
 33371 | WizLab   | Entered The Hall of the Hellbinder
 33563 | WizLab   | Noticed Xuclaur
 33571 | WizLab   | Killed Xuclaur the Hellbinder
 33592 | WizLab   | Found a burning altar of Makhleb.
 33612 | WizLab   | Got the Guidebook on the Throng
 33727 | Elf:3    | Found a frozen archway.
 33733 | Elf:3    | Found Kesiagg's Distillery.
 33736 | IceCv    | Entered an ice cave
 34028 | IceCv    | Got the Omnibus of the Familiar and the Jaunt
 34033 | IceCv    | Identified the staff of cold "Setun" {rF++ rC+ Stlth-}
 34166 | IceCv    | Found the +4 skin of Zhor {*Englaciate rC+++ SInv}
 34499 | Elf:3    | Bought a potion of curing for 45 gold pieces
 34499 | Elf:3    | Bought a potion of heal wounds for 75 gold pieces
 34499 | Elf:3    | Bought a potion of curing for 45 gold pieces
 34499 | Elf:3    | Bought a potion of curing for 45 gold pieces
 34499 | Elf:3    | Bought a potion of curing for 45 gold pieces
 34499 | Elf:3    | Bought a potion of heal wounds for 75 gold pieces
 34657 | Elf:3    | Noticed Saint Roka
 34673 | Elf:3    | Killed Saint Roka
 35036 | Elf:3    | Identified the +14 gold dragon scales of Snakes and Ladders
                  | {Fly rPois rF+ rC+ Stlth+}
 35087 | Elf:3    | Identified the +10 lajatang of Taciss {elec, *Corrode Fly
                  | rF+++ Str-5}
 35087 | Elf:3    | Identified the ring "Ysyriesch" {EV+5 Int+5}
 35087 | Elf:3    | Noticed Nikola
 35109 | Elf:3    | Killed Nikola
 35590 | Elf:3    | Identified the amulet "Soleteax" {Faith rPois Str+3 Dex-5}
 35594 | Elf:3    | Identified the amulet of Noon {Regen+ Dex+3}
 35696 | Elf:3    | Identified the +1 rapier "Gutriepn" {flame, rF++ rC- Int+4}
 35709 | Elf:3    | Reached XP level 20. HP: 129/129 MP: 23/27
 35826 | Elf:3    | Identified the +0 plate armour "Noem" {rElec}
 35827 | Elf:3    | Identified the +2 pair of gloves of Weirdness {Str+2}
 35840 | Elf:3    | Identified the +3 ring mail "Diwoun" {rC+}
 35843 | Elf:3    | Got the Folio of Shifting Variation
 35848 | Elf:3    | Got the Quarto of Gaseous Wounds
 35855 | Elf:3    | Identified the +4 scale mail of a Labyrinth {Contam rN+
                  | Dex+2 SInv}
 36221 | Spider:1 | Killed Roxanne
 36441 | Vaults:1 | Entered Level 1 of the Vaults
 37369 | Vaults:1 | Reached skill level 15 in Armour
 38125 | Vaults:2 | Noticed Donald
 38139 | Vaults:2 | Killed Donald
 38620 | Vaults:2 | Noticed Margery
 38647 | Vaults:2 | Killed Margery
 38648 | Vaults:2 | Reached XP level 21. HP: 104/134 MP: 28/28
 39050 | Vaults:2 | Reached skill level 27 in Unarmed Combat
 39544 | Vaults:2 | Found a shimmering blue altar of Sif Muna.
 39548 | Vaults:2 | Found a transporter.
 39667 | Vaults:2 | You are sucked into a shaft and drop 2 floors!
 40172 | Vaults:4 | Noticed Boris
 40184 | Vaults:4 | Killed Boris
 40494 | Vaults:4 | Reached skill level 15 in Shields
 40604 | Vaults:4 | Got Sif Muna's Grimoire of Friendly Gusts
 40607 | Vaults:4 | Got Ynaxzo Zewn's Guide on Apparitions and Transmigration
 41293 | Vaults:3 | Reached XP level 22. HP: 143/143 MP: 29/29
 41557 | Vaults:3 | Noticed Boris
 41574 | Vaults:3 | Killed Boris
 42024 | Vaults:3 | Found a staircase to the Crypt.
 42024 | Vaults:3 | Found a basalt altar of Yredelemnul.
 42025 | Vaults:3 | Found an ancient bone altar of Kikubaaqudgha.
 42302 | Vaults:3 | Noticed Xtahua
 42309 | Vaults:3 | Killed Xtahua
 43631 | Vaults:2 | Found a transporter.
 43676 | Vaults:2 | Acquired 789 gold pieces
 43678 | Vaults:2 | Acquired the ring of Exhibitionism {rPois rCorr Str+2
                  | Dex+3}
 43856 | Crypt:1  | Entered Level 1 of the Crypt
 43862 | Crypt:1  | You are sucked into a shaft and drop 1 floor!
 44839 | Crypt:1  | Reached XP level 23. HP: 155/155 MP: 30/30
 45326 | Crypt:3  | Entered Level 3 of the Crypt
 45380 | Crypt:3  | Found a staircase to the Tomb.
 46682 | Crypt:3  | Got Vegom's Meditations on Sciomancy
 46796 | Crypt:3  | Got Dyturph's Compilation of Clouds
 46976 | Vaults:5 | Entered Level 5 of the Vaults
 47592 | Vaults:5 | Noticed a dread lich
 47605 | Vaults:5 | Killed a dread lich
 47614 | Vaults:5 | Reached XP level 24. HP: 169/169 MP: 30/30
 47646 | Vaults:5 | Got the Catalogue of Hexing and Earth
 47667 | Vaults:5 | Got a silver rune of Zot
 48061 | Vaults:5 | Identified the staff of poison "Keuvebb" {rPois rC+}
 48793 | Vaults:5 | Found Soymeoth's Magic Scroll Shop.
 48801 | Vaults:5 | Bought a scroll of fear for 44 gold pieces
 48801 | Vaults:5 | Bought a scroll of teleportation for 33 gold pieces
 48801 | Vaults:5 | Bought a scroll of butterflies for 44 gold pieces
 48933 | Vaults:5 | Identified the +1 short sword "Puzoqick" {pain, rCorr
                  | Dex+5}
 48956 | Vaults:5 | Identified the ring "Fuaciymu" {Dex+5 SInv}
 49215 | Depths:1 | Entered Level 1 of the Depths
 49463 | Depths:1 | Found a one-way gateway to a ziggurat.
 49725 | Depths:1 | Found a glowing golden altar of the Shining One.
 49739 | Depths:1 | Found a burning altar of Makhleb.
 49817 | Depths:1 | Found a gateway to Hell.
 49870 | Depths:2 | Found a snail-covered altar of Cheibriados.
 50066 | Depths:2 | Noticed Grunn
 50089 | Depths:2 | Killed Grunn
 50309 | Depths:2 | Reached XP level 25. HP: 134/184 MP: 30/30
 50405 | Depths:2 | Found a glowing silver altar of Zin.
 50405 | Depths:2 | Noticed Mennas
 50415 | Depths:2 | Killed Mennas
 50677 | Depths:2 | Identified the +3 leather armour "Deklooha" {Harm Str+9}
 51301 | Depths:2 | Noticed Asterion
 51313 | Depths:2 | Killed Asterion
 51342 | Depths:2 | Found a one-way gate leading to the halls of Pandemonium.
 51481 | Depths:3 | Reached skill level 27 in Fighting
 51530 | Depths:3 | Found Gozag's Antique Armour Shop.
 51547 | Depths:3 | Found Gozag's Antique Weapon Shop.
 51548 | Depths:3 | Found a one-way gate to the infinite horrors of the Abyss.
 51556 | Depths:3 | Found an opulent altar of Gozag.
 51556 | Depths:3 | Found Gozag's Antique Weapon Boutique.
 51936 | Depths:3 | Noticed a dread lich
 51951 | Depths:3 | Killed a dread lich
 51997 | Depths:3 | Identified the +3 spear of Wicam {pain, *Corrode rElec
                  | rPois rC+}
 52056 | Depths:3 | Found an iron altar of Okawaru.
 52272 | Depths:4 | Entered Level 4 of the Depths
 52384 | Depths:4 | Noticed Parghit
 52399 | Depths:4 | Killed Parghit
 52968 | Depths:4 | Found a gate to the Realm of Zot.
 53124 | Depths:4 | Reached XP level 26. HP: 172/193 MP: 30/30
 53418 | Zot:1    | Entered Level 1 of the Realm of Zot
 53489 | Zot:1    | Found a transporter.
 53572 | Zot:1    | Found a transporter.
 53827 | Zot:1    | Found a transporter.
 54335 | Zot:1    | Found a transporter.
 54537 | Zot:2    | Reached skill level 15 in Dodging
 54906 | Zot:2    | Noticed a Killer Klown
 54923 | Zot:2    | Noticed a Killer Klown
 54923 | Zot:2    | Noticed a Killer Klown
 54923 | Zot:2    | Noticed a Killer Klown
 54947 | Zot:2    | Killed a Killer Klown
 54951 | Zot:2    | Killed a Killer Klown
 54966 | Zot:2    | Noticed a Killer Klown
 54974 | Zot:2    | Noticed a Killer Klown
 54987 | Zot:2    | Killed a Killer Klown
 54998 | Zot:2    | Killed a Killer Klown
 55010 | Zot:2    | Killed a Killer Klown
 55020 | Zot:2    | Killed a Killer Klown
 55776 | Zot:2    | Noticed Vv
 55789 | Zot:2    | Killed Vv
 55808 | Zot:2    | Noticed an ancient lich
 55819 | Zot:2    | Killed an ancient lich
 55830 | Zot:2    | Found a stormy altar of Qazlal.
 55840 | Zot:2    | Identified the staff of cold "Ibusipnu" {*Corrode rElec rC+
                  | Str+3}
 56173 | Zot:3    | Reached XP level 27. HP: 176/199 MP: 30/30
 56603 | Zot:3    | Found a transporter.
 56611 | Zot:3    | Found a transporter.
 56760 | Zot:3    | Found a transporter.
 56761 | Zot:3    | Found a transporter.
 57089 | Zot:3    | Found a transporter.
 57276 | Zot:3    | Found a transporter.
 58373 | Zot:5    | Entered Level 5 of the Realm of Zot
 58627 | Zot:5    | Noticed an orb of fire
 58627 | Zot:5    | Gained mutation: Your body sometimes deteriorates upon
                  | taking damage. [an orb of fire]
 58634 | Zot:5    | Killed an orb of fire
 58768 | Zot:5    | Noticed a dread lich
 58920 | Zot:5    | Noticed a dread lich
 58920 | Zot:5    | Noticed a dread lich
 58941 | Zot:5    | Killed a dread lich
 58948 | Zot:5    | Killed a dread lich
 58951 | Zot:5    | Noticed a dread lich
 58965 | Zot:5    | Killed a dread lich
 59076 | Zot:5    | Noticed a dread lich
 59084 | Zot:5    | Killed a dread lich
 59099 | Zot:5    | Noticed an orb of fire
 59102 | Zot:5    | Gained mutation: You have hidden genetic defects. [an orb
                  | of fire]
 59107 | Zot:5    | Gained mutation: Your body often deteriorates upon taking
                  | damage. [an orb of fire]
 59116 | Zot:5    | Gained mutation: You occasionally shout uncontrollably at
                  | your foes. [an orb of fire]
 59120 | Zot:5    | Killed an orb of fire
 59124 | Zot:5    | Noticed an orb of fire
 59124 | Zot:5    | Noticed a dread lich
 59135 | Zot:5    | Killed a dread lich
 59139 | Zot:5    | Killed an orb of fire
 59147 | Zot:5    | Lost mutation: You occasionally shout uncontrollably at
                  | your foes. [potion of mutation]
 59147 | Zot:5    | Lost mutation: You are weak. (Str -2) [potion of mutation]
 59147 | Zot:5    | Gained mutation: You are vulnerable to heat. (rF-) [potion
                  | of mutation]
 59147 | Zot:5    | Gained mutation: You are strong-willed. (Will+) [potion of
                  | mutation]
 59147 | Zot:5    | Gained mutation: Your magical capacity is low. (-10% MP)
                  | [potion of mutation]
 59147 | Zot:5    | Lost mutation: You have hidden genetic defects. [potion of
                  | mutation]
 59148 | Zot:5    | Lost mutation: Your magical capacity is low. (-10% MP)
                  | [potion of mutation]
 59148 | Zot:5    | Lost mutation: Your spells are a little easier to cast, but
                  | a little less powerful. [potion of mutation]
 59149 | Zot:5    | Lost mutation: You are strong-willed. (Will+) [potion of
                  | mutation]
 59149 | Zot:5    | Lost mutation: Your body often deteriorates upon taking
                  | damage. [potion of mutation]
 59149 | Zot:5    | Lost mutation: Your body sometimes deteriorates upon taking
                  | damage. [potion of mutation]
 59149 | Zot:5    | Gained mutation: You are agile. (Dex +4, Str/Int -1)
                  | [potion of mutation]
 59152 | Zot:5    | Lost mutation: You are agile. (Dex +4, Str/Int -1) [potion
                  | of mutation]
 59152 | Zot:5    | Lost mutation: You are vulnerable to heat. (rF-) [potion of
                  | mutation]
 59152 | Zot:5    | Gained mutation: You are vulnerable to cold. (rC-) [potion
                  | of mutation]
 59152 | Zot:5    | Gained mutation: You are frail. (-10% HP) [potion of
                  | mutation]
 59152 | Zot:5    | Gained mutation: You have a pair of small antennae on your
                  | head. [potion of mutation]
 59153 | Zot:5    | Lost mutation: You are vulnerable to cold. (rC-) [potion of
                  | mutation]
 59153 | Zot:5    | Lost mutation: You have a pair of small antennae on your
                  | head. [potion of mutation]
 59153 | Zot:5    | Lost mutation: You are frail. (-10% HP) [potion of
                  | mutation]
 59153 | Zot:5    | Gained mutation: You have hidden genetic potential. [potion
                  | of mutation]
 59153 | Zot:5    | Lost mutation: You have hidden genetic potential. [potion
                  | of mutation]
 59153 | Zot:5    | Gained mutation: You are strong-willed. (Will+) [potion of
                  | mutation]
 59153 | Zot:5    | Gained mutation: Your muscles are strong. (Str +4, Int/Dex
                  | -1) [potion of mutation]
 59302 | Zot:5    | Killed a dread lich
 59465 | Zot:5    | Identified the +0 shortbow "Exolimux" {heavy, Will+ Dex+4}
 59876 | Zot:5    | Got the Orb of Zot
 59958 | Zot:2    | Noticed Boett the pandemonium lord
 60170 | D:15     | Noticed Tinyevi the pandemonium lord
 60185 | D:15     | Killed Tinyevi the pandemonium lord
 60397 | D:5      | Gained mutation: You are frail. (-10% HP) [a neqoxec]
 60488 | D:$      | Escaped with the Orb!

Illustrated notes

Levels and vault maps discovered:
D:1:      dpeg_arrival_stonehenge_12_columns, layout_basic,
          shapermc_ecumenical_altar_mp_vishouse
D:2:      layout_rooms, uniq_natasha
D:3:      layout_basic, nemelex_altar_shiori
D:4:      layout_basic, nzn_hepliaklqana_mist_gate, minmay_temple_entry_mist,
          chequers_serial_rivers_marsh, uniq_ijyb
D:5:      layout_basic, ebering_ghost_reflecting_pool, serial_bayou_pond_e
D:6:      layout_loops_ring, mainiacjoe_overflow_divided_tiny, uniq_eustachio
D:7:      layout_basic, kennysheep_generic_room_10
D:8:      layout_loops_ring, kennysheep_mini_moat, mainiacjoe_overflow_alcove_3,
          vehumet_altar_wand_db, serial_co_window_serial, co_window_paths_b,
          co_window_paths_a, co_window_paths_b, co_window_corner_a,
          co_window_cross_1, co_window_corner_a, co_window_paths_b,
          co_window_paths_c, co_window_of_opportunity_c, co_window_broadway_a,
          co_window_paths_c, co_window_paths_e, glass_columns_b,
          glass_columns_a, glass_columns_c, glass_columns_c, glass_columns_a,
          enter_ossuary_2, uniq_pikel
D:9:      layout_small_grid, orc_0_dummy
D:10:     layout_loops_ring, kennysheep_little_box,
          nicolae_tso_swordbearing_angel, erik_lair_orcish_takeover,
          serial_shops, nicolae_shop_crystal
D:11:     layout_loops_ring
D:12:     nicolae_hitomezashi [nicolae_hito_row, nicolae_hito_row,
          nicolae_hito_row, nicolae_hito_row, nicolae_hito_row,
          nicolae_hito_row, nicolae_hito_row, nicolae_hito_row,
          nicolae_hito_row, nicolae_hito_row, nicolae_hito_row,
          nicolae_hito_row, nicolae_hito_row, nicolae_hito_row,
          nicolae_hito_row, nicolae_hito_row, nicolae_hito_row,
          nicolae_hito_row], layout_loops_ring, serial_shops,
          nicolae_shop_back_alley_shop, lemuel_flame_loot_1
D:13:     layout_rooms
D:14:     layout_rooms, david_vaults_4, columned_hall_lemuel, corner_web_ring,
          uniq_jorgrun
D:15:     grunt_enter_depths_giant_problem, layout_basic, minmay_misc_feat_iff,
          minmay_puff
Temple:   hellmonk_temple_micro_hex
Lair:1:   hellmonk_ruined_rings, layout_cave_pods,
          grunt_forest_large_clearing_hut
Lair:2:   layout_concentric_octagons, swamp_mist,
          nicolae_spider_entry_lesser_pyramids, ebering_ghost_reflecting_pool,
          gauntlet_entry_generic, beast_lair_carwin_5, grunt_megastairs_2,
          serial_bayou_shore_b
Lair:3:   layout_gridlike, wad_woods_river_03, uniq_josephine, uniq_nergalle
Lair:4:   layout_gridlike, slime_entry_2
Lair:5:   due_jungle_book, layout_misc_corridors, dpeg_oklob_1
Swamp:1:  layout_falls_marsh, evilmike_swamp_ruin_house_6
Swamp:2:  layout_falls_marsh, hangedman_swamp_ruin_hall, uniq_mlioglotl
Swamp:3:  layout_falls_marsh, nicolae_swamp_little_tower, swamp_pool1
Swamp:4:  swamp_alternative, layout_basic_swamp
Spider:1: layout_spider_delve, uniq_roxanne, uniq_louise
Spider:2: layout_spider_delve, uniq_azrael, uniq_aizul
Spider:3: layout_spider_delve, nicolae_spider_world_wide_web
Spider:4: hellmonk_spider_rune_bug_friends
Orc:1:    layout_caves, uniq_urug, uniq_erolcha, uniq_gastronok
Orc:2:    st_orc_congregation, layout_caves, serial_shops, shop
Elf:1:    eino_elf_arrival_customs, layout_gridlike, serial_shops, shop,
          special_room [special_room_orc], orc_legates, kb_rosetta
Elf:2:    elven_hall_of_blades_hangedman_alternative [nicolae_blade_tridents],
          layout_geoelf_diagonals, serial_shops, shop
Elf:3:    elf_hall, layout_geoelf_octagon, portal_ice_cave_entry_pillars_2,
          mu_enter_wizlab_5, serial_shops, shop, uniq_saint_roka, uniq_nikola
Vaults:1: nicolae_vaults_weapon_check, vaults_dpeg_hooks, nicolae_vaults_two_Ls,
          vaults_room_semicircle, vaults_room_corners,
          nicolae_vaults_trapezoid_2, v_misc_25, ontoclasm_vaults_spin,
          nicolae_vaults_little_squares_3, dpeg_vaults_monster_box,
          nicolae_vaults_wrenched, layout_vaults_quadrants
Vaults:2: ontoclasm_vaults_hangar, gammafunk_sealed_library,
          nicolae_vaults_network_periphery, nicolae_vaults_storage_room_water,
          vaults_dpeg_diagonal, grunt_vaults_hallway_long,
          vaults_mumra_minichess, vaults_mumra_lcd, ontoclasm_vaults_chip,
          v_misc_30, nicolae_vaults_trapezoid_lopsided_4,
          nicolae_vaults_double_plus_1, nicolae_vaults_tetromino_T_1,
          nicolae_vaults_angled_halls, layout_vaults_omnibox, uniq_donald,
          uniq_margery
Vaults:3: hangedman_vaults_maws, v_misc_3, nicolae_vaults_fighting_squares,
          grunt_vaults_hallway_long, v_alt_pattern_3,
          nicolae_vaults_closet_pinwheel_2, nicolae_vaults_more_shelving_2,
          nicolae_vaults_diamond_2, minmay_crypt_entry_necro_gods,
          nicolae_vaults_tetromino_Z_1, nicolae_vaults_variable_pillar_hall,
          hangedman_vaults_maws, nicolae_vaults_house_2, layout_vaults_big_room,
          uniq_xtahua
Vaults:4: nicolae_vaults_library_corner, nicolae_vaults_little_squares_2,
          v_misc_17, ontoclasm_vaults_ring_large,
          nicolae_vaults_stairing_the_circle, nicolae_vaults_closet_pinwheel_5,
          nicolae_vaults_three_branches, nicolae_vaults_trapezoid_4,
          nicolae_vaults_trapezoid_lopsided_4, ontoclasm_vaults_loading_screen,
          vaults_standard_mumra_enter_the_diamond,
          nicolae_vaults_network_quinsquares
          [nicolae_vaults_network_quincunx_subvault,
          nicolae_vaults_network_quincunx_subvault,
          nicolae_vaults_network_quincunx_subvault,
          nicolae_vaults_network_quincunx_subvault],
          nicolae_vaults_bisected_exclaves, nicolae_vaults_little_squares_2,
          nicolae_vaults_storage_room_doors, vaults_room_door_ring,
          nicolae_vaults_tetromino_L_1, layout_vaults_maze, uniq_boris
Vaults:5
Crypt:1:  layout_rooms, grunt_megastairs_5, grunt_crypt_arrival_guarded_gate
Crypt:2:  layout_chaotic_city
Crypt:3:  due_elkab, layout_chaotic_city
Depths:1: layout_forbidden_donut, enter_ziggurat_c, hell_entry,
          hangedman_decor_lopped, nzn_life_drinkers
Depths:2: evilmike_silver_temple, layout_gridville, hell_entry,
          cheibriados_altar_1, rand_demon_pan_entry_1,
          dreamdust_looks_like_rain, uniq_asterion, uniq_grunn
Depths:3: kennysheep_gozag_temple, layout_cave_pools, hell_entry,
          lemuel_crystal_altar, abyss_entry, minmay_three_doors,
          infiniplex_staircase_squiggle
Depths:4: grunt_zot_entry_bicorn, layout_basic, chequers_serial_rivers_micro_c,
          hellmouth_3, uniq_parghit
Zot:1:    layout_gridlike, nicolae_diode_intersection
Zot:2:    regret_index_qazlal_generations, layout_basic, drop_trap, uniq_vv
Zot:3:    layout_cathedral_of_symmetry, serial_nicolae_subway,
          nicolae_sub_station_stone, nicolae_sub_station_metal,
          nicolae_sub_station_crystal
Zot:4:    layout_basic, drop_trap, grunt_megastairs_4
Zot:5:    layout_onion

Skill      XL: |  1  2  3  4  5  6  7  8  9 10 11 12 13 14 15 16 17 18 19 20 21 22 23 24 25 26 27 |
---------------+----------------------------------------------------------------------------------+-----
Unarmed Combat | 4 5 6 7 8 10 13 14 17 19 21 23 25 26 27 | 27.0
Fighting       | 5 10 12 15 16 19 22 25 27 | 27.0
Evocations     | 1 |  1.0
Armour         | 4 5 10 11 15 18 24 | 24.6
Dodging        | 5 9 10 13 16 | 16.0
Invocations    | 4 5 9 10 | 10.1
Shields        | 6 11 15 18 20 | 20.1

Action                     |  1- 3 |  4- 6 |  7- 9 | 10-12 | 13-15 | 16-18 | 19-21 | 22-24 | 25-27 || total
---------------------------+-------+-------+-------+-------+-------+-------+-------+-------+-------++-------
  Melee: Unarmed           |   107 |   185 |   447 |   519 |   851 |  1253 |  1337 |  1614 |  1646 ||  7959
  Throw: Throwing net      |       |       |       |       |       |       |     1 |       |     1 ||     2
 Invoke: Slouch            |       |       |       |     3 |    10 |     8 |     5 |     3 |     3 ||    32
         Temporal Distorti |       |       |       |       |     4 |     3 |     5 |     2 |     3 ||    17
         Bend Time         |       |       |       |       |       |     2 |     1 |       |     2 ||     5
  Evoke: Wand              |       |     1 |     3 |     4 |    10 |     4 |     2 |     3 |     8 ||    35
    Use: Potion            |       |     1 |       |     3 |     3 |       |    10 |     2 |    19 ||    38
         Scroll            |       |       |    11 |    12 |    11 |     2 |    13 |     7 |     5 ||    61
   Stab: Paralysed         |       |       |     2 |    12 |     1 |     2 |     4 |       |       ||    21
         Petrifying        |       |       |       |       |     1 |       |       |       |       ||     1
         Distracted        |       |       |       |       |       |     2 |       |       |       ||     2
         Confused          |       |       |       |       |       |     7 |       |       |       ||     7
         Invisible         |       |       |       |       |       |       |       |       |    12 ||    12
 Armour: Robe              |     3 |       |       |       |       |       |       |       |       ||     3
         Leather armour    |    22 |    36 |    68 |       |       |       |       |       |       ||   126
         Chain mail        |       |       |   115 |   203 |   296 |   370 |    34 |       |       ||  1018
         Acid dragon scale |       |       |       |       |     1 |       |       |       |       ||     1
         Crystal plate arm |       |       |       |       |       |       |    34 |       |       ||    34
         Gold dragon scale |       |       |       |       |       |       |   251 |   406 |   385 ||  1042
  Dodge: Dodged            |    51 |    83 |   203 |   262 |   526 |   514 |   304 |   315 |   455 ||  2713
  Block: Orb               |       |       |       |    22 |   129 |       |       |       |       ||   151
         Reflection        |       |       |       |       |     4 |    67 |   104 |    60 |    45 ||   280
         Tower shield      |       |       |       |       |   132 |  1430 |  1194 |  1612 |  1553 ||  5921
